 Dungeon Crawl Stone Soup version 0.27.1 (webtiles) character file.

Game seed: 8067257089151860214

2 Descartes the Sneak (level 1, -1/10 HPs)
             Began as a Felid Delver on Aug 31, 2021.
             Slain by Sigmund (11 damage)
             ... on level 4 of the Dungeon.
             The game lasted 00:01:27 (69 turns).

Descartes the Sneak (Felid Delver)                    Turns: 69, Time: 00:01:28

Health: -1/10      AC:  1    Str:  8    XL:     1   Next: 25%
Magic:  2/2        EV: 17    Int: 11    God:
Gold:   0          SH:  0    Dex: 17    Spells: 0/0 levels left
                                        Lives:  0   Deaths: 0

rFire    . . .     SeeInvis +     - Unarmed
rCold    . . .     Faith    .   (shield unavailable)
rNeg     . . .     Spirit   .   (armour unavailable)
rPois    .         Reflect  .   (helmet unavailable)
rElec    .         Harm     .   (cloak unavailable)
rCorr    .         Rampage  .   (gloves unavailable)
Will     .....                  (boots unavailable)
Stlth    ++++......             (no amulet)
HPRegen  0.03/turn              (no ring)
MPRegen  0.08/turn              (no ring)

@: hasted, very quick
A: very small, claws 1, fangs 3, see invisible, speed 1, shaggy fur 1, stealthy
paws, no weapons or thrown items, no armour, multi-lived
a: no special abilities


You were on level 4 of the Dungeon.
You visited 1 branch of the dungeon, and saw 2 of its levels.

Inventory:

Wands
 e - a wand of digging (3)
Scrolls
 c - a scroll of fear


   Skills:
 - Level 3.0 Fighting
 + Level 2.8 Dodging
 + Level 6.6 Stealth
 - Level 2.0 Unarmed Combat


You couldn't memorise any spells.
You didn't know any spells.
Your spell library was empty.

Dungeon Overview and Level Annotations

Branches:
Dungeon (5/15)
 Temple: D:4-7

Altars:

Annotations:
D:4 Sigmund


Innate Abilities, Weirdness & Mutations

You have sharp claws.
You have razor-sharp teeth.
You have supernaturally acute eyesight. (SInv)
You cover ground quickly. (Speed+)
You are covered in fur. (AC +1)
Your paws help you pounce on unaware monsters.
You are incapable of wielding weapons or throwing items.
You cannot wear armour.
You gain extra lives every three experience levels.


Message History

There is a stone staircase leading up here.
You climb upwards.
You hear the sound of rushing water.
There is an entrance to a sewer on this level.
Hurry and find it before the portal rusts away!
There is a stone staircase leading down here.
The helpless kobold fails to defend itself.
You mangle the kobold!!
You kill the kobold!
As you read the scroll of magic mapping, it crumbles to dust.
You feel aware of your surroundings.
You sensed 1 shop/portal.
A kobold comes into view. It is wielding a +0 club.
The kobold shouts!
The kobold closely misses you.
You scratch the kobold.
You kill the kobold!
Things that are here:
a +0 club; a stone An adder comes into view.
The adder moves out of view.
Found 14 gold pieces.
Sigmund the Dreaded comes into view.
He is wielding a +0 scythe.
Okay, then.
You feel yourself speed up.
Okay, then.
Found a club.
Found a runed helmet.
As you read the scroll of fog, it crumbles to dust.
The scroll dissolves into smoke.
Sigmund misses you.
You scratch Sigmund.
Sigmund is lightly wounded.
You scratch Sigmund.
Sigmund is moderately wounded.
Sigmund closely misses you.
You scratch Sigmund.
Sigmund is moderately wounded.
You completely miss Sigmund.
Sigmund is moderately wounded.
Sigmund hits you with a +0 scythe!
Ouch! That really hurt!
You die...

#........#*,*,,,,,,,,*
#........#*,********,*
######.#.#*,* *,*
#.#.#*,* *,* #.#.#*,*
*,* #####.#.#*,* *,*
#.§§§§§.##.#*******,*
#.§§§§§.....,,,,,,,,*
#.§§@§§###.#***,,,***
#.§§@§§#<*,# *,,,*
***#.§§§§§#,*,* *,,,*
*,........#,*,* *,,,*
#.######..#,*,****,,,*
#,*,,,,,.[#,,,,,,,,,,*
*,*,***,..#,,,,,,,,***
*,*,*,,,...,,,,,,,,*
*,*,*,*,,,**,,,,,,,*


You could see Sigmund.

Vanquished Creatures
  2 kobolds (D:4)
2 creatures vanquished.

Notes
Turn   | Place    | Note
-------+----------+-------------------------------------------
     0 | D:5      | Descartes the Felid Delver began the quest for the Orb.
     0 | D:5      | Reached XP level 1. HP: 10/10 MP: 2/2
     1 | D:5      | Noticed an ogre
    56 | D:4      | Noticed Sigmund
    69 | D:4      | Slain by Sigmund

Illustrated notes

Levels and vault maps discovered:
D:4:      layout_basic, cheibrodos_sewer_entry_bend,
          hangedman_abyss_or_decor_jellyfish_corner, uniq_sigmund
D:5:      layout_loops_ring, zin_purify, minmay_temple_entry_statues_fountains,
          uniq_prince_ribbit1

Action                   || total
-------------------------++-------
Melee: Unarmed           ||     6
  Use: Scroll            ||     2
       Potion            ||     1
 Stab: Sleeping          ||     1
Dodge: Dodged            ||     3
